[Event "Lueneburg Open-B 2019"]
[Site "Lueneburg"]
[Date "2019.08.08"]
[Round "5.14"]
[White "Stolzenwald, Karl-Heinz"]
[Black "Rempe, Janne"]
[Result "1/2-1/2"]
[ECO "A00"]
[WhiteElo "1600"]
[BlackElo "1594"]
[Annotator "NA RC"]
[PlyCount "90"]
[EventDate "2019.08.03"]
[EventType "swiss"]
[EventCountry "GER"]
[SourceTitle "playchess.com"]
[Source "ChessBase"]
[SourceQuality "1"]
[TimeControl "40/5400+30:1800+30"]

1. b4 d6 2. Bb2 Nf6 3. Nf3 Nbd7 4. e3 c6 5. d4 Qc7 6. c4 e5 7. a3 Be7 8. Nc3 O-O 9. Qc2 Re8 10. Bd3 Nf8 11. dxe5 dxe5 12. Ne4 Ng6 13. O-O Bg4 14. Nfd2 Rad8 15. f3 Be6 16. Nxf6+ Bxf6 17. Ne4 Be7 18. Rad1 b6 19. Qc3 f5 20. Ng3 Rf8 21. f4 Bf6 22. Nh5 exf4 23. Nxf6+ gxf6 24. exf4 Nxf4 25. Qc2 Nxd3 26. Rxd3 Rxd3 27. Qxd3 b5 28. cxb5 cxb5 29. Re1 Qc6 30. Qg3+ Kh8 31. Rc1 Bc4 32. Qf2 Rg8 33. g3 h5 34. Qxf5 Qb6+ 35. Qf2 Qxf2+ 36. Kxf2 Rg6 37. Re1 a6 38. Re7 Kg8 39. Re8+ Kf7 40. Rc8 Bd5 41. Bc1 f5 42. h4 Rc6 43. Rxc6 Bxc6 44. Ke3 Ke6 45. Kd4 Kf7 1/2-1/2

[Event "Lueneburg Open-B 2019"]
[Site "Lueneburg"]
[Date "2019.08.08"]
[Round "5.15"]
[White "Rennkamp, David"]
[Black "Martin, David"]
[Result "0-1"]
[ECO "C54"]
[WhiteElo "1355"]
[BlackElo "1494"]
[Annotator "NA"]
[PlyCount "76"]
[EventDate "2019.08.03"]
[EventType "swiss"]
[EventCountry "GER"]
[SourceTitle "playchess.com"]
[Source "ChessBase"]
[SourceQuality "1"]
[TimeControl "40/5400+30:1800+30"]

1. e4 e5 2. Nf3 Nc6 3. Bc4 Bc5 4. d3 Nf6 5. c3 O-O 6. b4 Be7 7. O-O {[%emt 0:00:15] C54: Giuoco Piano: 4 c3 Nf6, main lines with 5 d4 and 5 d3} b6 $146 ({Better is Predecessor:} 7... d5 $11 8. exd5 Nxd5 9. Re1 Bf6 10. a4 Nb6 11. Bb3 Nxb4 12. d4 Nc6 13. a5 Nd7 14. d5 Ncb8 {1-0 (32) Short,N (2683)-Sutovsky,E (2657) London 2013}) 8. Qb3 (8. Re1 $14) 8... h6 (8... a5 $1 $11) 9. Bb5 {[%emt 0:05:38] White is slightly better.} (9. a4 {looks sharper.} d6 10. Nbd2 Nh5 11. g3 Bd7 12. d4) 9... Bd6 10. Bxc6 ({White should play} 10. a4 $14) 10... dxc6 $11 11. Bb2 Qe7 12. Nbd2 Be6 13. Qc2 Nd7 14. g3 f5 15. Rfe1 (15. Nh4 $11) 15... f4 $1 $17 16. Kg2 Qf7 17. Qd1 $1 $11 {[%emt 0:04:06] keeps the balance.} Qh5 (17... a5 $19 18. a3 axb4 19. cxb4 c5) 18. Nh4 Qf7 (18... Qg5 $17 19. Nhf3 Qg4) 19. a3 fxg3 20. fxg3 Qf2+ 21. Kh1 Bh3 22. Qe2 {[%emt 0:03:27] [#]} (22. Re2 $17 {was necessary.} Qf7 23. Re3) 22... g5 $2 (22... Be7 $1 $19 23. Ndf3 Qxe2 24. Rxe2 Bg4) 23. Qh5 $1 $11 {[%emt 0:17:14] Black must now prevent Qg6+.} Qf7 (23... gxh4 $11 24. Qg6+ Kh8 25. Qxh6+ {[%mdl 64] Double Attack} Kg8 26. Qg6+ Kh8 27. Qh6+ {[%mdl 64] Double Attack} Kg8 28. Qg6+ Kh8 29. Qh6+ {[%mdl 64] Double Attack}) 24. Qxf7+ ({Inferior is} 24. Qxh6 gxh4 25. Rg1 (25. gxh4 $2 Qh7 $17) 25... Qh7 $17) (24. Ng6 $14 {was forced to keep a grip.} Bg2+ 25. Kxg2) 24... Rxf7 $17 25. Nhf3 $2 (25. Nf5 $17 Bxf5 26. exf5) 25... g4 $2 ({Black should try} 25... Raf8 $19 26. Ng1 {[#]} Rf2 $1 27. Nxh3 Rxd2 {[%mdl 64] Double Attack}) 26. Nh4 $11 Rf2 27. Rad1 b5 28. Bc1 Raf8 29. Nf5 Kh7 30. Nf1 Nb6 (30... a5 $11) 31. Bxh6 $2 (31. N1e3 $14 {keeps the upper hand.}) 31... R8xf5 $19 {[%emt 0:00:37] Remove Defender} 32. exf5 {[%emt 0:02:59] Strongly threatening Be3.} Kxh6 33. Ne3 (33. Nd2 {is a better defense.}) 33... Na4 {[%emt 0:00:54] Hoping for ...Nb2.} 34. c4 $2 (34. Kg1 {might work better.} Ra2 35. Ra1 Rxa1 36. Rxa1) 34... Nb2 35. Rb1 Nxd3 36. Red1 e4 37. c5 Be5 38. Rb3 Bd4 {[%emt 0:00:35] Accuracy: White = 16%, Black = 44%.} 0-1

[Event "Lueneburg Open-B 2019"]
[Site "Lueneburg"]
[Date "2019.08.08"]
[Round "5.16"]
[White "Thomas, Vincent"]
[Black "Vogel, Elisabeth"]
[Result "1-0"]
[ECO "D63"]
[WhiteElo "1975"]
[BlackElo "1277"]
[Annotator "NA RC"]
[PlyCount "85"]
[EventDate "2019.08.03"]
[EventType "swiss"]
[EventCountry "GER"]
[SourceTitle "playchess.com"]
[Source "ChessBase"]
[SourceQuality "1"]
[TimeControl "40/5400+30:1800+30"]

1. d4 d5 2. c4 e6 3. Nf3 Nf6 4. Bg5 Be7 5. Nc3 b6 6. e3 Bb7 7. Be2 O-O 8. cxd5 exd5 9. O-O Nbd7 10. Rc1 a6 11. Ne1 Rc8 12. Nd3 h6 13. Bh4 Ne4 14. Bxe7 Qxe7 15. Bf3 Ndf6 16. a3 Rfe8 17. Nf4 Nxc3 18. Rxc3 Ne4 19. Rc2 c6 20. Nd3 Rc7 21. Qc1 Qd6 22. Bg4 Nf6 23. Bh3 Ree7 24. b4 Bc8 25. Bxc8 Rxc8 26. a4 Rec7 27. Qb1 Nd7 28. Rfc1 f6 29. h3 Kf7 30. Rc3 g6 31. Qc2 h5 32. Qb1 Kg7 33. R1c2 Kf7 34. Qc1 Kg7 35. b5 axb5 36. axb5 c5 37. dxc5 Nxc5 38. Nxc5 Rxc5 39. Rxc5 Rxc5 40. Qa3 Kf7 41. Rxc5 bxc5 42. Qa7+ Ke8 43. b6 1-0

[Event "Lueneburg Open-B 2019"]
[Site "Lueneburg"]
[Date "2019.08.08"]
[Round "5.19"]
[White "Schulze, Tim"]
[Black "Buchinger, Alexis"]
[Result "1-0"]
[ECO "E04"]
[WhiteElo "1481"]
[BlackElo "1346"]
[Annotator "NA RC"]
[PlyCount "67"]
[EventDate "2019.08.03"]
[EventType "swiss"]
[EventCountry "GER"]
[SourceTitle "playchess.com"]
[Source "ChessBase"]
[SourceQuality "1"]
[TimeControl "40/5400+30:1800+30"]

1. d4 d5 2. Nf3 Nf6 3. g3 c5 4. Bg2 e6 5. O-O Nc6 6. c4 dxc4 7. dxc5 Qxd1 8. Rxd1 Bxc5 9. Nfd2 Nd4 10. Nc3 b5 11. Bxa8 O-O 12. Nf3 Nc2 13. Rb1 Ba6 14. Be4 Nb4 15. a3 Nxe4 16. Nxe4 c3 17. bxc3 Nc2 18. Nxc5 b4 19. axb4 Bxe2 20. Rd2 Bxf3 21. Rxc2 Rd8 22. Rd2 Rd5 23. Rxd5 exd5 24. Be3 Be4 25. Nxe4 dxe4 26. Rd1 g6 27. Bh6 f5 28. c4 Kf7 29. c5 Ke7 30. c6 Ke6 31. c7 Ke5 32. c8=Q a5 33. Bf4+ Kf6 34. Qd8+ 1-0

[Event "Lueneburg Open-B 2019"]
[Site "Lueneburg"]
[Date "2019.08.08"]
[Round "5.20"]
[White "Rothenberg, Anke"]
[Black "Hinke, Gerhard"]
[Result "1-0"]
[ECO "D05"]
[WhiteElo "1467"]
[BlackElo "1476"]
[Annotator "NA RC"]
[PlyCount "81"]
[EventDate "2019.08.03"]
[EventType "swiss"]
[EventCountry "GER"]
[SourceTitle "playchess.com"]
[Source "ChessBase"]
[SourceQuality "1"]
[TimeControl "40/5400+30:1800+30"]

1. d4 d5 2. Nf3 Nf6 3. e3 e6 4. Bd3 c5 5. c3 Nc6 6. Nbd2 Bd7 7. O-O Rc8 8. dxc5 Bxc5 9. e4 dxe4 10. Nxe4 Be7 11. Nxf6+ Bxf6 12. Be3 h6 13. Qb3 Na5 14. Qc2 Nc6 15. Rad1 a6 16. Rfe1 O-O 17. Qe2 Qa5 18. Bc2 Be8 19. Qd3 Qf5 20. Qxf5 exf5 21. Bxf5 Rd8 22. Rxd8 Bxd8 23. Bc5 g6 24. Bc8 b6 25. Bxf8 Kxf8 26. Bxa6 Ne7 27. Nd4 Bd7 28. Bb5 Bxb5 29. Nxb5 Ng8 30. Nd4 Nf6 31. Rd1 Bc7 32. Nb5 Be5 33. Rd3 Kg7 34. c4 Bxb2 35. Rd6 Ne4 36. Rxb6 Nc5 37. Nd6 Be5 38. Nb7 Nd3 39. Rb5 Ba1 40. c5 Bd4 41. c6 1-0

[Event "Lueneburg Open-B 2019"]
[Site "Lueneburg"]
[Date "2019.08.08"]
[Round "5.21"]
[White "Rempe, Mieke"]
[Black "Krueger, Dietrich"]
[Result "1-0"]
[ECO "C70"]
[WhiteElo "1558"]
[BlackElo "1243"]
[Annotator "NA RC"]
[PlyCount "71"]
[EventDate "2019.08.03"]
[EventType "swiss"]
[EventCountry "GER"]
[SourceTitle "playchess.com"]
[Source "ChessBase"]
[SourceQuality "1"]
[TimeControl "40/5400+30:1800+30"]

1. e4 Nc6 2. Nf3 e5 3. Bb5 a6 4. Ba4 Bc5 5. O-O d6 6. Nc3 Bg4 7. Bxc6+ bxc6 8. h3 Bh5 9. g4 Bg6 10. d4 Bb6 11. dxe5 h5 12. g5 Qd7 13. Kh2 f6 14. Nh4 Bf7 15. exd6 Be6 16. Ng6 Rh7 17. Qd3 Bc5 18. dxc7 Bd6+ 19. Bf4 Bxf4+ 20. Nxf4 Qxd3 21. cxd3 Bc8 22. g6 Rh6 23. Nce2 Ne7 24. Rg1 Ra7 25. Nd4 Rxc7 26. Nde6 Bxe6 27. Nxe6 Rb7 28. Nxg7+ Kf8 29. Ne6+ Kg8 30. Nf4 Rxb2 31. Rab1 Rxf2+ 32. Kg3 Rxf4 33. Kxf4 Nxg6+ 34. Kf5 Kf7 35. Rxg6 Rxg6 36. Rb7+ 1-0

[Event "Lueneburg Open-B 2019"]
[Site "Lueneburg"]
[Date "2019.08.08"]
[Round "6.1"]
[White "Wiese, Uwe"]
[Black "Thomas, Jeremy"]
[Result "1-0"]
[ECO "D11"]
[WhiteElo "1737"]
[BlackElo "1717"]
[Annotator "NA"]
[PlyCount "143"]
[EventDate "2019.08.03"]
[EventType "swiss"]
[EventCountry "GER"]
[SourceTitle "playchess.com"]
[Source "ChessBase"]
[SourceQuality "1"]
[TimeControl "40/5400+30:1800+30"]

1. d4 d5 2. c4 c6 3. e3 Nf6 4. Nf3 a6 5. cxd5 cxd5 6. Be2 h6 7. Nc3 Nc6 8. O-O e6 9. b3 Bd6 10. Bb2 b5 11. Rc1 Bd7 12. Bd3 b4 13. Na4 Ne7 14. Qe2 Bxa4 15. bxa4 a5 16. Bb5+ Kf8 17. Rc2 Rc8 18. Rxc8 Nxc8 19. Rc1 Na7 20. Ne5 Bxe5 21. dxe5 Nd7 22. Bd4 Nxb5 23. Qxb5 g6 24. Qb7 Kg7 25. Rc7 Qb8 26. Rxd7 Qxb7 27. Rxb7 Rc8 28. g3 Rc2 29. Rb5 Rxa2 30. Rxa5 g5 31. g4 Kg6 32. Kg2 h5 33. gxh5+ Kxh5 34. Ra7 Kg6 35. a5 b3 36. Rb7 Rxa5 37. Rxb3 Ra8 38. Kg3 Rc8 39. f4 gxf4+ 40. exf4 Kf5 41. Kf3 Rh8 42. Rb2 Rh3+ 43. Kg2 Rd3 44. Bf2 Kxf4 45. Bg3+ Kf5 46. Rf2+ Kg6 47. h4 Rc3 48. Rf6+ Kg7 49. h5 Rc7 50. Kf3 Ra7 51. Bf4 Rb7 52. h6+ Kg8 53. Be3 Rb3 54. Rf4 Rb1 55. Rg4+ Kh8 56. Rg7 Rb7 57. Bg5 Rb3+ 58. Kg4 Rb4+ 59. Kh5 Rb1 60. Bf6 Rh1+ 61. Kg5 Rg1+ 62. Kf4 Rxg7 63. Bxg7+ Kh7 64. Bf8 Kg6 65. Kg4 Kh7 66. Kh5 Kg8 67. Bb4 d4 68. Bd2 f6 69. exf6 e5 70. Kg6 e4 71. f7+ Kf8 72. Bb4# 1-0

[Event "Lueneburg Open-B 2019"]
[Site "Lueneburg"]
[Date "2019.08.08"]
[Round "6.2"]
[White "Fomenkov, Alexander"]
[Black "Rewerts, Ingo"]
[Result "0-1"]
[ECO "B01"]
[WhiteElo "1779"]
[BlackElo "1792"]
[Annotator "NA"]
[PlyCount "136"]
[EventDate "2019.08.03"]
[EventType "swiss"]
[EventCountry "GER"]
[SourceTitle "playchess.com"]
[Source "ChessBase"]
[SourceQuality "1"]
[TimeControl "40/5400+30:1800+30"]

1. e4 d5 2. exd5 Qxd5 3. Nc3 Qa5 4. Nf3 Bg4 5. d4 c6 6. Bc4 e6 7. O-O Nf6 8. h3 Bh5 9. Re1 Bd6 10. Qd3 Bxf3 11. Qxf3 O-O 12. Be3 Qh5 13. Qxh5 Nxh5 14. Ne4 Be7 15. c3 Nd7 16. g4 Nhf6 17. Nxf6+ Nxf6 18. Rad1 Rfe8 19. a4 a5 20. Bf4 Nd5 21. Bg3 Rad8 22. Kg2 Kf8 23. f4 Bd6 24. Kf3 Nc7 25. Bd3 c5 26. Be4 Rb8 27. dxc5 Bxc5 28. Rd7 Re7 29. Red1 b6 30. f5 exf5 31. Rxe7 Kxe7 32. Bxf5 Rd8 33. Bh4+ f6 34. Rxd8 Kxd8 35. Bxh7 Kd7 36. Bg3 Nd5 37. Bg8 Ne7 38. Bf7 Nc6 39. Ke4 Bd6 40. Be8+ Kxe8 41. Bxd6 Kd7 42. Kd5 Nd8 43. Bf4 Ne6 44. Be3 Nc7+ 45. Kc4 Kc6 46. Bd2 Ne8 47. Bf4 g6 48. h4 Ng7 49. Bh6 Ne6 50. Bd2 Ng7 51. h5 gxh5 52. Bh6 h4 53. Be3 Ne6 54. Kd3 h3 55. Bg1 Nc5+ 56. Ke3 Nxa4 57. Kf3 Nxb2 58. Bd4 a4 59. Bxf6 a3 60. c4 Nxc4 61. Kg3 b5 62. g5 Kd6 63. g6 Ke6 64. Bc3 a2 65. Kxh3 b4 66. g7 Kf7 67. Bxb4 a1=Q 68. Bf8 Qg1 0-1

[Event "Lueneburg Open-B 2019"]
[Site "Lueneburg"]
[Date "2019.08.08"]
[Round "6.3"]
[White "Suliga, Eckhard"]
[Black "Groth, Matthias"]
[Result "1-0"]
[ECO "B96"]
[WhiteElo "1682"]
[BlackElo "1737"]
[Annotator "NA"]
[PlyCount "81"]
[EventDate "2019.08.03"]
[EventType "swiss"]
[EventCountry "GER"]
[SourceTitle "playchess.com"]
[Source "ChessBase"]
[SourceQuality "1"]
[TimeControl "40/5400+30:1800+30"]

1. e4 c5 2. Nf3 d6 3. d4 cxd4 4. Nxd4 Nf6 5. Nc3 a6 6. Bg5 e6 7. f4 Nbd7 8. Bc4 b5 9. Bb3 Qb6 10. Bxf6 Nxf6 11. Qd2 Bb7 12. O-O-O Be7 13. Qe2 Nd7 14. a3 b4 15. Na4 Qa5 16. axb4 Qxb4 17. Rhe1 Rc8 18. Qd2 Qxd2+ 19. Rxd2 O-O 20. Nxe6 Rfe8 21. Nc3 Kh8 22. Nd4 Nc5 23. Bd5 Bxd5 24. exd5 Bf6 25. Rxe8+ Rxe8 26. Re2 Rc8 27. Nc6 g6 28. Kd2 Rc7 29. b3 Kg7 30. Ne4 Rd7 31. Nxc5 dxc5 32. c4 Rb7 33. Kc2 h6 34. Re8 g5 35. fxg5 hxg5 36. g4 Ba1 37. Re7 Rb6 38. Re8 Kf6 39. Rb8 Rxb8 40. Nxb8 Be5 41. Nd7+ 1-0

[Event "Lueneburg Open-B 2019"]
[Site "Lueneburg"]
[Date "2019.08.08"]
[Round "6.4"]
[White "Ische, Helmut"]
[Black "Schulze, Lukas"]
[Result "1-0"]
[ECO "B01"]
[WhiteElo "1662"]
[BlackElo "1724"]
[Annotator "NA"]
[PlyCount "56"]
[EventDate "2019.08.03"]
[EventType "swiss"]
[EventCountry "GER"]
[SourceTitle "playchess.com"]
[Source "ChessBase"]
[SourceQuality "1"]
[TimeControl "40/5400+30:1800+30"]

1. e4 d5 2. exd5 Qxd5 3. Nc3 Qd8 4. d4 Nf6 5. Nf3 Bg4 6. Be2 e6 7. O-O Be7 8. Re1 O-O 9. Qd3 c6 10. Be3 Nbd7 11. Rad1 Qc7 12. h3 Bxf3 13. Bxf3 Rad8 14. Bg5 Rfe8 15. Qe2 Bf8 16. Ne4 Be7 17. Nxf6+ Bxf6 18. Bxf6 Nxf6 19. c3 a5 20. Qc2 Rd7 21. Re5 b6 22. a3 c5 23. Qa4 Red8 24. Ree1 cxd4 25. cxd4 Qf4 26. Qb5 Rd6 27. d5 exd5 28. Bxd5 g6 1-0

[Event "Lueneburg Open-B 2019"]
[Site "Lueneburg"]
[Date "2019.08.08"]
[Round "6.5"]
[White "Neumann, Lutz"]
[Black "Domschke, Stephan"]
[Result "1-0"]
[ECO "B20"]
[WhiteElo "1784"]
[BlackElo "1671"]
[Annotator "NA"]
[PlyCount "79"]
[EventDate "2019.08.03"]
[EventType "swiss"]
[EventCountry "GER"]
[SourceTitle "playchess.com"]
[Source "ChessBase"]
[SourceQuality "1"]
[TimeControl "40/5400+30:1800+30"]

1. e4 c5 2. a3 d6 3. b4 Nf6 4. Nc3 cxb4 5. axb4 g6 6. Rb1 Bg7 7. Nf3 O-O 8. d4 Qc7 9. Bb2 Bg4 10. h3 Bxf3 11. Qxf3 Nc6 12. Nb5 Qb6 13. c3 a6 14. Na3 Rac8 15. Bd3 Rfd8 16. O-O d5 17. exd5 Nxd5 18. Bc4 e6 19. b5 Na5 20. Be2 Nb3 21. Rfd1 Na5 22. c4 Ne7 23. Bc3 Bxd4 24. bxa6 Nb3 25. axb7 Rc6 26. Bxd4 Nxd4 27. Qd3 Nf3+ 28. Qxf3 Rxd1+ 29. Bxd1 Qxb1 30. Nxb1 Rb6 31. Nc3 Nf5 32. c5 Rb4 33. c6 Nd4 34. Qe4 f5 35. Qf4 Nxc6 36. Qxb4 Nb8 37. Qd6 Kg7 38. Qxb8 Kh6 39. h4 e5 40. Qf8# 1-0

[Event "Lueneburg Open-B 2019"]
[Site "Lueneburg"]
[Date "2019.08.08"]
[Round "6.6"]
[White "Ahrens, Gunnar"]
[Black "Raedisch, Peter"]
[Result "1/2-1/2"]
[ECO "C20"]
[WhiteElo "1764"]
[BlackElo "1595"]
[Annotator "NA"]
[PlyCount "92"]
[EventDate "2019.08.03"]
[EventType "swiss"]
[EventCountry "GER"]
[SourceTitle "playchess.com"]
[Source "ChessBase"]
[SourceQuality "1"]
[TimeControl "40/5400+30:1800+30"]

1. a3 e5 2. e4 Bc5 3. Nf3 d6 4. Bc4 Nc6 5. c3 h6 6. d4 Bb6 7. dxe5 Qe7 8. Qd5 Nxe5 9. Nxe5 dxe5 10. Bb5+ Kf8 11. Be2 Nf6 12. Qd3 Ng4 13. O-O Kg8 14. Nd2 Kh7 15. Nc4 Rd8 16. Qg3 Qe6 17. Nxb6 axb6 18. Bxg4 Qxg4 19. Qxe5 Rd1 20. f3 Rxf1+ 21. Kxf1 Qd7 22. Qd4 Qb5+ 23. Kg1 c5 24. Qf2 Be6 25. Be3 Rd8 26. b4 Qa4 27. h3 Rd1+ 28. Rxd1 Qxd1+ 29. Qf1 Qb3 30. Qc1 cxb4 31. axb4 b5 32. Bd4 Qc4 33. Qf1 Qb3 34. Qxb5 Qd1+ 35. Qf1 Qb3 36. Qe1 b5 37. Qg3 f6 38. f4 Qb1+ 39. Kh2 Qxe4 40. Qe3 Qxe3 41. Bxe3 Bc4 42. g4 Kg6 43. h4 Be2 44. Kg3 Bd3 45. f5+ Kf7 46. Kf4 Bc4 1/2-1/2

[Event "Lueneburg Open-B 2019"]
[Site "Lueneburg"]
[Date "2019.08.08"]
[Round "6.7"]
[White "Seeber, Helmut"]
[Black "Buetow, Ingo"]
[Result "1/2-1/2"]
[ECO "C10"]
[WhiteElo "1580"]
[BlackElo "1747"]
[Annotator "NA"]
[PlyCount "50"]
[EventDate "2019.08.03"]
[EventType "swiss"]
[EventCountry "GER"]
[SourceTitle "playchess.com"]
[Source "ChessBase"]
[SourceQuality "1"]
[TimeControl "40/5400+30:1800+30"]

1. e4 d5 2. d4 e6 3. Nd2 dxe4 4. Nxe4 Bd7 5. Nf3 Bc6 6. Bd3 Nd7 7. O-O Ngf6 8. Qe2 Be7 9. c3 O-O 10. Bf4 Nxe4 11. Bxe4 Bxe4 12. Qxe4 c6 13. Rfe1 Nf6 14. Qc2 Nd5 15. Be5 Bf6 16. Rad1 Qe7 17. Qe4 g6 18. c4 Nb6 19. b3 Rad8 20. Qf4 Bxe5 21. Nxe5 Nd7 22. Ng4 h5 23. Ne5 Qf6 24. Qg3 h4 25. Qg4 Nxe5 1/2-1/2

[Event "Lueneburg Open-B 2019"]
[Site "Lueneburg"]
[Date "2019.08.08"]
[Round "6.8"]
[White "Kasipour Azbari, Seyed Arvin"]
[Black "Goldmann, David"]
[Result "0-1"]
[ECO "B40"]
[WhiteElo "1765"]
[BlackElo "1403"]
[Annotator "NA"]
[PlyCount "117"]
[EventDate "2019.08.03"]
[EventType "swiss"]
[EventCountry "GER"]
[SourceTitle "playchess.com"]
[Source "ChessBase"]
[SourceQuality "1"]
[TimeControl "40/5400+30:1800+30"]

1. e4 c5 2. Nf3 e6 3. d4 cxd4 4. Nxd4 Bc5 5. Nb3 Bb6 6. Bd3 Nc6 7. O-O Nge7 8. Nc3 O-O 9. Kh1 Ng6 10. f4 d6 11. f5 exf5 12. exf5 Nge5 13. Nd5 f6 14. Nxb6 Qxb6 15. Qh5 Nxd3 16. cxd3 Ne5 17. d4 Nc6 18. Rf3 Ne7 19. Bd2 Bxf5 20. Re1 Bg6 21. Qh3 Rfe8 22. Rfe3 Kf8 23. Ba5 Qc6 24. Rc3 Qd5 25. Rc7 b6 26. Bb4 a5 27. Ba3 b5 28. Nc5 Bf5 29. Nd7+ Bxd7 30. Qxd7 Rad8 31. Qh3 b4 32. Bxb4 axb4 33. Qxh7 Rc8 34. Rd7 Qg8 35. Qh3 Ng6 36. Qg3 Rxe1+ 37. Qxe1 Qc4 38. h3 Qc1 39. Qxc1 Rxc1+ 40. Kh2 Rc2 41. Rxd6 Rxb2 42. Rb6 Rxa2 43. Rxb4 Rd2 44. Kg3 Ne7 45. Kf3 Nc6 46. Rc4 Ne7 47. g3 Nf5 48. Rc8+ Kf7 49. Rc7+ Kg6 50. g4 Nd6 51. Ke3 Rh2 52. Rd7 Nf7 53. d5 Rxh3+ 54. Ke4 Rh4 55. d6 Rxg4+ 56. Kd5 Rg1 57. Ke6 Re1+ 58. Kd5 Nxd6 59. Kd4 0-1

[Event "Lueneburg Open-B 2019"]
[Site "Lueneburg"]
[Date "2019.08.08"]
[Round "6.9"]
[White "Gerdau, Niklas"]
[Black "Jessen, Bjarne"]
[Result "1-0"]
[ECO "D38"]
[WhiteElo "1704"]
[BlackElo "1569"]
[Annotator "NA"]
[PlyCount "79"]
[EventDate "2019.08.03"]
[EventType "swiss"]
[EventCountry "GER"]
[SourceTitle "playchess.com"]
[Source "ChessBase"]
[SourceQuality "1"]
[TimeControl "40/5400+30:1800+30"]

1. d4 Nf6 2. c4 e6 3. Nc3 Bb4 4. Qc2 O-O 5. Nf3 d5 6. Bg5 Nbd7 7. e3 c6 8. Bd3 h6 9. Bh4 Qa5 10. O-O dxc4 11. Bxc4 Bxc3 12. bxc3 b5 13. Bd3 Bb7 14. a4 Nd5 15. axb5 Qxc3 16. Qxc3 Nxc3 17. bxc6 Bxc6 18. Rfc1 Bxf3 19. gxf3 Nd5 20. Bb5 N7f6 21. Bg3 g5 22. Be5 Kg7 23. Ba6 Rad8 24. Bb7 Nb4 25. Rab1 Nd3 26. Bxf6+ Kxf6 27. Rd1 Nf4 28. exf4 gxf4 29. d5 Rg8+ 30. Kf1 exd5 31. Bxd5 Rd6 32. Ba2 Rgd8 33. Rxd6+ Rxd6 34. Rb7 Rd1+ 35. Kg2 a5 36. Rxf7+ Kg5 37. Ra7 Rd6 38. Rxa5+ Kh4 39. Bf7 h5 40. Rxh5# 1-0

[Event "Lueneburg Open-B 2019"]
[Site "Lueneburg"]
[Date "2019.08.08"]
[Round "6.10"]
[White "Cordsen, Heinrich"]
[Black "Stolzenwald, Karl-Heinz"]
[Result "1/2-1/2"]
[ECO "B21"]
[WhiteElo "1685"]
[BlackElo "1600"]
[Annotator "NA"]
[PlyCount "87"]
[EventDate "2019.08.03"]
[EventType "swiss"]
[EventCountry "GER"]
[SourceTitle "playchess.com"]
[Source "ChessBase"]
[SourceQuality "1"]
[TimeControl "40/5400+30:1800+30"]

1. e4 c5 2. f4 d6 3. Bb5+ Bd7 4. Bxd7+ Nxd7 5. Nf3 Ngf6 6. Nc3 a6 7. O-O e6 8. Qe2 Be7 9. b3 h6 10. Bb2 O-O 11. Rad1 Qc7 12. Kh1 Rfd8 13. d4 cxd4 14. Rxd4 b5 15. Rfd1 Qc5 16. Nb1 Qh5 17. Nc3 e5 18. fxe5 dxe5 19. R4d2 Bc5 20. Nd5 Ng4 21. Rf1 Kh7 22. b4 Ba7 23. Bc1 Nb6 24. Ne7 Nc4 25. Rxd8 Rxd8 26. h3 Nf6 27. Nc6 Rd7 28. Kh2 Bb6 29. g3 Rd6 30. Ne7 Ng4+ 31. Kg2 Nge3+ 32. Bxe3 Nxe3+ 33. Kh2 Nxf1+ 34. Qxf1 f6 35. g4 Qe8 36. Nd5 Qd8 37. Qd3 Ba7 38. Nh4 g6 39. Nf3 h5 40. Kg3 hxg4 41. hxg4 Kg7 42. Qd2 Bb8 43. Nh4 f5 44. gxf5 1/2-1/2

[Event "Lueneburg Open-B 2019"]
[Site "Lueneburg"]
[Date "2019.08.08"]
[Round "6.11"]
[White "Geissler, Karl-Heinz"]
[Black "Krause, Holger"]
[Result "1/2-1/2"]
[ECO "A54"]
[WhiteElo "1581"]
[BlackElo "1639"]
[Annotator "NA"]
[PlyCount "39"]
[EventDate "2019.08.03"]
[EventType "swiss"]
[EventCountry "GER"]
[SourceTitle "playchess.com"]
[Source "ChessBase"]
[SourceQuality "1"]
[TimeControl "40/5400+30:1800+30"]

1. d4 Nf6 2. c4 d6 3. Nc3 Nbd7 4. Nf3 e5 5. e3 Be7 6. Bd3 O-O 7. O-O c6 8. e4 a6 9. d5 cxd5 10. cxd5 b5 11. b3 Nc5 12. Bb1 b4 13. Ne2 Ncxe4 14. Nd2 Nc5 15. Nc4 Bb7 16. Ng3 Nxd5 17. Nf5 Nf6 18. Nxe7+ Qxe7 19. Qxd6 Qxd6 20. Nxd6 1/2-1/2

[Event "Lueneburg Open-B 2019"]
[Site "Lueneburg"]
[Date "2019.08.08"]
[Round "6.12"]
[White "Rempe, Janne"]
[Black "Martin, David"]
[Result "1/2-1/2"]
[ECO "A48"]
[WhiteElo "1594"]
[BlackElo "1494"]
[Annotator "NA"]
[PlyCount "54"]
[EventDate "2019.08.03"]
[EventType "swiss"]
[EventCountry "GER"]
[SourceTitle "playchess.com"]
[Source "ChessBase"]
[SourceQuality "1"]
[TimeControl "40/5400+30:1800+30"]

1. d4 Nf6 2. Nf3 d6 3. Bf4 g6 4. h3 Bg7 5. e3 O-O 6. c3 b6 7. Nbd2 Bb7 8. Be2 Nbd7 9. O-O c5 10. Re1 Nh5 11. Bh2 d5 12. Ne5 Nhf6 13. h4 Bc8 14. g4 Nxe5 15. dxe5 Nd7 16. f4 e6 17. Nf3 f6 18. h5 fxe5 19. hxg6 hxg6 20. fxe5 Bb7 21. Bf4 d4 22. Ng5 dxe3 23. Bc4 Rxf4 24. Nxe6 Qh4 25. Nxf4+ Kh7 26. Bd5 Qf2+ 27. Kh1 Qh4+ 1/2-1/2

[Event "Lueneburg Open-B 2019"]
[Site "Lueneburg"]
[Date "2019.08.08"]
[Round "6.13"]
[White "Levink, Clemens"]
[Black "Thomas, Vincent"]
[Result "1/2-1/2"]
[ECO "C00"]
[WhiteElo "1719"]
[BlackElo "1975"]
[Annotator "NA"]
[PlyCount "29"]
[EventDate "2019.08.03"]
[EventType "swiss"]
[EventCountry "GER"]
[SourceTitle "playchess.com"]
[Source "ChessBase"]
[SourceQuality "1"]
[TimeControl "40/5400+30:1800+30"]

1. e4 e6 2. e5 d5 3. exd6 Bxd6 4. d4 Nf6 5. Nf3 O-O 6. Be2 b6 7. c3 Bb7 8. O-O c5 9. Bg5 cxd4 10. Nxd4 Be7 11. Bf3 Nd5 12. Bxe7 Qxe7 13. Nd2 Nf4 14. Bxb7 Qxb7 15. Qf3 1/2-1/2

[Event "Lueneburg Open-B 2019"]
[Site "Lueneburg"]
[Date "2019.08.08"]
[Round "6.14"]
[White "Schencke, Guenther"]
[Black "Schulze, Tim"]
[Result "1/2-1/2"]
[ECO "D35"]
[WhiteElo "1668"]
[BlackElo "1481"]
[Annotator "NA"]
[PlyCount "69"]
[EventDate "2019.08.03"]
[EventType "swiss"]
[EventCountry "GER"]
[SourceTitle "playchess.com"]
[Source "ChessBase"]
[SourceQuality "1"]
[TimeControl "40/5400+30:1800+30"]

1. d4 Nf6 2. Nf3 d5 3. c4 e6 4. Nc3 Be7 5. cxd5 exd5 6. Bf4 c6 7. e3 O-O 8. Bd3 Bg4 9. Qb3 Qb6 10. Nd2 Nbd7 11. h3 Bh5 12. Rc1 Bg6 13. Bxg6 fxg6 14. O-O Rae8 15. Qc2 Nh5 16. Bh2 Kh8 17. Rce1 Nhf6 18. Na4 Qd8 19. Nc3 Qb6 20. Nf3 Bd8 21. Na4 Qa5 22. Bd6 Be7 23. Bxe7 Rxe7 24. Nc5 Nxc5 25. Qxc5 Qxc5 26. dxc5 Ne4 27. b4 Rxf3 28. gxf3 Nd2 29. Kg2 Nxf1 30. Kxf1 Kg8 31. e4 Kf7 32. Kg2 Kf6 33. Kg3 g5 34. Re3 a6 35. a3 1/2-1/2